 Dungeon Crawl Stone Soup version 0.24.0-125-gc4c63601f3 (webtiles) character file.

Game seed: 16970315205916884359, levelgen mode: deterministic

307 MisterOstroum the Skirmisher (level 6, -4/49 HPs)
             Began as a Mummy Chaos Knight on Mar 13, 2020.
             Was a Plaything of Xom.
             Slain by a scorpion (6 damage)
             ... on level 4 of the Dungeon.
             The game lasted 00:05:51 (3146 turns).

MisterOstroum the Skirmisher (Mummy Chaos Knight)   Turns: 3146, Time: 00:05:51

Health: -4/49      AC: 12    Str: 17    XL:     6   Next: 16%
Magic:  6/6        EV:  4    Int: 11    God:    Xom [*.....]
Gold:   118        SH:  3    Dex: 12    Spells: 5/5 levels left

rFire    x . .     SeeInvis .   a - +0 spear (chaos)
rCold    + . .     Gourm    .   q - +0 buckler
rNeg     + + +     Faith    .   j - +0 plate armour
rPois    ∞         Spirit   .   (no helmet)
rElec    .         Reflect  .   i - +0 cloak
rCorr    +         Harm     .   (no gloves)
MR       +....                  (no boots)
Stlth    ..........             (no amulet)
HPRegen  0.16/turn              p - ring of resist corrosion
MPRegen  0.10/turn              n - ring of protection from magic

@: no status effects
A: no food or potions, fire vulnerability, cold resistance 1, negative energy
resistance 3, torment resistance, unbreathing
a: Renounce Religion


You were on level 4 of the Dungeon.
You worshipped Xom.
You were a special plaything of Xom.
You were not hungry.

You visited 1 branch of the dungeon, and saw 4 of its levels.
You also visited: Sewer.

You collected 118 gold pieces.

Inventory:

Hand Weapons
 a - a +0 spear of chaos (weapon)
 b - a +0 hunting sling
 t - a +1 whip of electrocution
Missiles
 c - 166 stones (quivered)
 d - 80 arrows
 h - 49 poisoned darts
 u - 37 sling bullets
 v - 23 bolts
Armour
 g - a +2 leather armour
 i - a +0 cloak (worn)
 j - a +0 plate armour (worn)
 q - a +0 buckler (worn)
Jewellery
 k - an uncursed ring of see invisible
 n - a ring of protection from magic (right hand)
 p - a ring of resist corrosion (left hand)
Wands
 o - a wand of clouds (4)
Scrolls
 e - a scroll of amnesia {unknown}
 f - 2 scrolls of remove curse {unknown}
 l - 4 scrolls of identify {unknown}
 m - 3 scrolls of teleportation {unknown}
 r - a scroll of enchant weapon {unknown}
 s - a scroll of fear {unknown}
 w - a scroll of enchant armour {unknown}


   Skills:
 + Level 4.3 Fighting
 - Level 2.5 Polearms
 * Level 3.4 Slings
 + Level 2.7 Armour
 - Level 0.8 Dodging


You had 5 spell levels left.
You didn't know any spells.
Your spell library was empty.

Dungeon Overview and Level Annotations

Branches:
Dungeon (4/15)              Sewer (visited)
 Temple: D:4-7

Altars:
Hepliaklqana


Innate Abilities, Weirdness & Mutations

You do not eat or drink.
Your flesh is vulnerable to fire.
You are immune to poison.
Your flesh is cold resistant. (rC+)
You are immune to negative energy. (rN+++)
You are immune to unholy pain and torment.
You can survive without breathing.


Message History

The swamp drake is heavily wounded.
The swamp drake bites you but does no damage.
You hit the swamp drake but do no damage.
The swamp drake is heavily wounded.
The swamp drake barely misses you.
You hit the swamp drake. You freeze the swamp drake.
The swamp drake is heavily wounded.
The swamp drake breathes noxious fumes at you.
The noxious blast engulfs you but does no damage.
You hit the swamp drake.
Lightning courses through the swamp drake!!
You kill the swamp drake!
The hound returns to its original shape as it dies.
You have reached level 6!
Your experience leads to an increase in your attributes!
Increase (S)trength, (I)ntelligence, or (D)exterity?
You feel stronger.
c - 165 stones (gained 2);
u - 37 sling bullets (gained 22)
You see here a hound corpse.
b - a +0 hunting sling (weapon)
HP restored.
c - 166 stones (gained 1)
Found a stone staircase leading down.
c - 167 stones (gained 1)
c - 168 stones (gained 1)
c - 169 stones (gained 1)
You now have 118 gold pieces (gained 11).
A scorpion comes into view.
A scorpion is nearby!
A scorpion is nearby!
Firing (i - inventory. (/) - cycle)
c - 169 stones (quivered)
Press: ? - help, Shift-Dir - straight line, f - scorpion
Aim: a scorpion You shoot a stone.
The stone hits the scorpion but does no damage.
Firing (i - inventory. (/) - cycle)
c - 168 stones (quivered)
Press: ? - help, Shift-Dir - straight line, f/p - scorpion
Aim: a scorpion You shoot a stone.
The stone barely misses the scorpion.
Firing (i - inventory. (/) - cycle)
c - 167 stones (quivered)
Press: ? - help, Shift-Dir - straight line, f/p - scorpion
Aim: a scorpion You shoot a stone.
The stone closely misses the scorpion.
Your +0 spear of chaos is briefly surrounded by a scintillating aura of random colours.
a - a +0 spear of chaos (weapon)
No target in view!
You closely miss the scorpion. You hit the scorpion but do no damage.
The scorpion stings you.
You hit the scorpion but do no damage.
The scorpion goes berserk!
The scorpion barely misses you. The scorpion stings you.
You hit the scorpion but do no damage.
The scorpion flickers and vanishes!
Deactivating autopickup; reactivate with Ctrl-A.
Something stings you but does no damage.
No target in view!
No target in view!
No target in view!
No target in view!
No target in view!
No target in view!
No target in view!
No target in view!
No target in view!
No target in view!
No target in view!
No target in view!
No target in view!
No target in view!
There is a strange disturbance nearby!
Something stings you but does no damage.
Something stings you!
Something stings you but does no damage.
Something stings you.
You see here a hound corpse.
Something stings you but does no damage.
Something stings you but does no damage.
You hit something but do no damage.
Something stings you but does no damage.
You closely miss something.
Something stings you but does no damage.
Something stings you.
You miss something. Something stings you.
Something stings you but does no damage.
You miss something.
Something stings you but does no damage.
You closely miss something.
Something stings you but does no damage. x2
You hit something. You burn something. Something stings you!
* * * LOW HITPOINT WARNING * * *
You closely miss something. Something stings you.
* * * LOW HITPOINT WARNING * * *
Something stings you.
* * * LOW HITPOINT WARNING * * *
You hit something. Something completely misses you.
Evoke which item? (* to show all) (? for menu, Esc to quit)
Aiming: Cloud Cone
Press: ? - help, Dir - move target cursor You create a blast of poison gas!
Something stings you.
* * * LOW HITPOINT WARNING * * *
Something stings you.
You die...

####### #.....# ##
#.....# #... #.....#
#.... #.....# ####
#.....#.....# #<.
#.....#.....####.#
###
#...........+..#@#
...
(.$...#.....##.#{##.#
(#.#..#........#§§..#
# #. #.#.##...#§§###
.. #........§§§# .#
###.####.####
........>.....#
.#.##.######## #.


There were no monsters in sight!

Vanquished Creatures
  A swamp drake (D:4)
  A centaur skeleton (D:4)
  6 adders
  A river rat (D:3)
  A dart slug (D:1)
  2 orcs (D:3)
  9 bats
  2 giant cockroaches
  4 goblins
  3 hobgoblins (D:1)
  2 jackals (D:3)
  A quokka (D:2)
  2 ball pythons
  8 frilled lizards
  5 kobolds
  6 rats
54 creatures vanquished.

Vanquished Creatures (collateral kills)
  Purgy (D:3)
  Ijyb (D:3)
  An orc (D:3)
  A kobold (D:3)
  A ball python (D:3)
5 creatures vanquished.

Vanquished Creatures (others)
  An adder (D:3)
  An ooze (D:3)
2 creatures vanquished.

Grand Total: 61 creatures vanquished

Notes
Turn   | Place    | Note
-------+----------+-------------------------------------------
     0 | D:1      | MisterOstroum the Mummy Chaos Knight began the quest for
                  | the Orb.
     0 | D:1      | Reached XP level 1. HP: 18/18 MP: 1/1
   227 | D:1      | Reached XP level 2. HP: 24/24 MP: 2/2
   376 | D:1      | XOM: harmless Air miscast
   392 | D:1      | XOM: harmless Chrm miscast
   462 | D:1      | Reached skill level 1 in Slings
   544 | D:1      | XOM: silly message
   772 | D:1      | XOM: harmless Tmut miscast
   793 | D:1      | XOM: harmless Tloc miscast
  1168 | D:2      | Reached XP level 3. HP: 29/29 MP: 3/3
  1221 | D:2      | Found a hazy altar of Hepliaklqana.
  1454 | D:2      | XOM: silly message
  1458 | D:2      | Found a faded altar of an unknown god.
  1669 | D:2      | XOM: harmless Conj miscast
  1741 | D:3      | Found a glowing drain.
  1796 | D:3      | Reached XP level 4. HP: 28/37 MP: 4/4
  1867 | Sewer    | Entered a sewer
  1976 | Sewer    | Noticed Purgy
  1999 | Sewer    | XOM: noise
  2018 | D:3      | XOM: cast spell 'Monstrous Menagerie'
  2025 | D:3      | Killed Purgy
  2198 | D:3      | Noticed Ijyb
  2198 | D:3      | XOM: potion effect (brilliance)
  2205 | D:3      | Killed Ijyb
  2205 | D:3      | Reached XP level 5. HP: 42/42 MP: 5/5
  2264 | D:3      | Reached skill level 4 in Fighting
  2270 | D:3      | XOM: divination: magic mapping
  2374 | D:3      | XOM is BORED!
  2374 | D:3      | XOM: polymorph quokka -> gnoll
  2464 | D:3      | XOM: destruction
  2713 | D:3      | XOM: mild Summ miscast
  3021 | D:4      | XOM: repel stairs
  3032 | D:4      | Noticed a swamp drake
  3032 | D:4      | a hound changed into a swamp drake
  3044 | D:4      | Killed a swamp drake
  3044 | D:4      | Reached XP level 6. HP: 40/49 MP: 6/6
  3146 | D:4      | HP: 2/49 [something (6)]
  3146 | D:4      | Slain by a scorpion

Levels and vault maps discovered:
D:1:      dpeg_arrival_lava_temple_mockup, layout_basic
D:2:      layout_basic, nicolae_overflow_crystal_walls,
          chequers_ecumenical_altar_grove, kennysheep_potato
D:3:      layout_loops_ring, cheibrodos_sewer_entry_sluice, uniq_ijyb
D:4:      layout_basic, first_ration, uniq_duvessa, uniq_crazy_yiuf_cottage

Skill      XL: |  1  2  3  4  5 |
---------------+----------------+-----
Slings         | 1 2 3 |  3.4
Armour         | 2 |  2.7
Fighting       | 4 |  4.3
Polearms       | |  2.5
Dodging        | |  0.8

Action                   |  1- 3 |  4- 6 || total
-------------------------+-------+-------++-------
Melee: Spear             |    93 |   113 ||   206
 Fire: Hunting sling     |    53 |    16 ||    69
Throw: Dart              |       |     1 ||     1
       Throwing net      |       |     1 ||     1
Evoke: Wand              |       |     1 ||     1
 Stab: Sleeping          |     1 |       ||     1
       Paralysed         |     2 |       ||     2
Armor: Leather armour    |    11 |       ||    11
       Plate armour      |    53 |   118 ||   171
Dodge: Dodged            |    33 |    24 ||    57
Block: Buckler           |     5 |    13 ||    18
